 Dungeon Crawl Stone Soup version 0.17.0-28-g6e173f8 (console) character file.

460 Kloppie the Insei (level 6, -3/50 HPs)
             Began as a Demigod Transmuter on Nov 22, 2015.
             Killed by divine providence
             ... invoked by an orc priest
              (12 damage)
             ... on level 4 of the Dungeon.
             The game lasted 00:08:41 (5594 turns).

Kloppie the Insei (Demigod Transmuter)              Turns: 5594, Time: 00:08:41

Health: -3/50      AC: 10    Str: 13    XL:     6   Next: 49%
Magic:  20/20      EV: 11    Int: 21    God:
Gold:   221        SH:  0    Dex: 16    Spells: 3 memorised, 0 levels left

rFire  . . .     SeeInvis .       - Unarmed
rCold  . . .     Clarity  .     f - +0 ring mail
rNeg   . . .     SustAt   +     (no shield)
rPois  .         Gourm    .     x - +0 helmet
rElec  .         Spirit   .     l - +0 cloak
rCorr  .         Warding  .     g - +2 pair of gloves
rMut   .         Stasis   .     (no boots)
MR     .....                    (no amulet)
Stlth  +.........               (no ring)
                                j - ring of magical power

@: lethally poisoned (-3 -> -7), not resistant to hostile enchantments, very
unstealthy
A: high mp 1, sustain attributes
a: no special abilities


You were on level 4 of the Dungeon.
You were not hungry.

You visited 1 branch of the dungeon, and saw 4 of its levels.

You collected 221 gold pieces.

Inventory:

Missiles
 a - 12 arrows
Armour
 b - a +0 robe
 f - a +0 ring mail (worn)
 g - a +2 pair of gloves (worn)
 l - a +0 cloak (worn)
 p - a +0 shield
 x - a +0 helmet (worn)
Jewellery
 j - a ring of magical power (left hand)
Wands
 r - a wand of random effects (42)
Scrolls
 e - 3 scrolls of teleportation
 i - 2 scrolls of amnesia {unknown}
 k - 5 scrolls of remove curse
 o - a scroll of fog {unknown}
 q - a scroll of fear
 s - a scroll of identify {unknown}
 t - a scroll of immolation {unknown}
 u - a scroll of magic mapping {unknown}
 v - a scroll of noise {unknown}
Potions
 h - a potion of heal wounds {unknown}
 m - 2 potions of curing {unknown}
 n - a potion of agility {unknown}
 A - a potion of mutation {unknown}
Books
 c - a book of Changes

   Spells                             Type                      Level
   a - Beastly Appendage              Transmutation                1
   b - Sticks to Snakes               Transmutation                2
   c - Spider Form                    Transmutation/Poison         3
   d - Ice Form                       Ice/Transmutation            4
   e - Blade Hands                    Transmutation                5
Comestibles
 d - 3 bread rations
 w - 4 chunks of flesh
 z - a meat ration


   Skills:
 - Level 2.8 Fighting
 - Level 1.7 Dodging
 + Level 5.8 Unarmed Combat
 - Level 1.7 Spellcasting
 - Level 3.1 Transmutations


You couldn't memorise any spells.
You knew the following spells:

 Your Spells              Type           Power        Failure   Level  Hunger
a - Beastly Appendage     Trmt           ###...       12%         1    #......
b - Spider Form           Trmt/Pois      #.........   54%         3    ###....
c - Ice Form              Ice/Trmt       #.......     98%         4    #####..


Dungeon Overview and Level Annotations

Branches:
Dungeon (4/15)
 Temple: D:4-7


Innate Abilities, Weirdness & Mutations

You have an increased reservoir of magic (+10% MP).
Your attributes are resistant to harm.


Message History

You claw the orc priest, but do no damage.
The orc priest is severely wounded.
Your talons disappear.
The orc priest hits you with a dagger.
* * * LOW HITPOINT WARNING * * *
You closely miss the orc priest.
The orc priest is severely wounded.
You feel sick. The orc priest barely misses you.
You hit the orc priest.
The orc priest is almost dead.
You feel sick. The orc priest misses you.
You hit the orc priest but do no damage.
The orc priest is almost dead.
The orc priest hits you but does no damage.
You hit the orc priest but do no damage.
The orc priest is almost dead.
You feel sick.
The orc priest invokes the aid of Beogh against you.
Something smites you!
You die...

##.#.#.# #..###.....#.###.§....
#.##..# #.#........#.##§PP....
#.###.#####.##.......#.##§§P....
#.# #.......##...#.###.#.§§.§..#
#.# #.##.######.##.....#§§§§P...
#.# #.##)# #.##..####§###..##
#.# #.##.######.##..# #§# ##.#
#.# #.##..[....o##..# #/# #.#
##.###.########.@##..# #(# #.#
#.#.##.# #..##..# #.####.##
##.###.# #####..##..####........
#.# #.# #......)........####.##
#.# #.# #.####.##.#####.####.##
#.# #.####.####.##.# ###........
#.# #.##...........# #..........
#.###......###...#####.#########
#........####..........#


You could see an orc priest.

Vanquished Creatures
  2 ogres (D:4)
  An orc wizard (D:4)
  A worker ant (D:3)
  An iguana (D:4)
  Natasha (thrice) (D:3)
  2 hound zombies (D:4)
  Robin (D:4)
  4 adders
  An ooze (D:1)
  5 worms (D:2)
  A giant gecko (D:1)
  4 orcs (D:4)
  2 ball pythons
  7 giant cockroaches
  12 goblins
  9 hobgoblins
  3 jackals (D:1)
  3 quokkas
  6 bats
  A giant cockroach zombie (D:4)
  A giant gecko skeleton (D:4)
  A giant gecko zombie (D:4)
  4 giant newts
  8 kobolds
  9 rats
92 creatures vanquished.

Vanquished Creatures (others)
  2 goblins (D:4)
  5 toadstools (D:1)
7 creatures vanquished.

Grand Total: 99 creatures vanquished

Notes
Turn   | Place    | Note
--------------------------------------------------------------
     0 | D:1      | Kloppie the Demigod Transmuter began the quest for the Orb.
     0 | D:1      | Reached XP level 1. HP: 15/15 MP: 5/5
    38 | D:1      | Reached skill level 1 in Fighting
   458 | D:1      | Reached XP level 2. HP: 5/23 MP: 7/7
   848 | D:1      | Reached skill level 3 in Unarmed Combat
  1359 | D:2      | Reached XP level 3. HP: 14/29 MP: 8/8
  2202 | D:2      | Found a white marble altar of Elyvilon.
  2202 | D:2      | Found a glowing golden altar of the Shining One.
  2204 | D:2      | Found a glowing silver altar of Zin.
  2886 | D:2      | Found a sparkling altar of Nemelex Xobeh.
  3132 | D:2      | Reached XP level 4. HP: 36/36 MP: 7/9
  3289 | D:2      | Found an opulent altar of Gozag.
  3291 | D:2      | Found a shattered altar of Ashenzari.
  3730 | D:3      | Noticed Natasha
  3735 | D:3      | Killed Natasha
  3765 | D:3      | Noticed Natasha
  3774 | D:3      | Killed Natasha
  3774 | D:3      | Reached XP level 5. HP: 39/44 MP: 10/10
  4037 | D:3      | Noticed Natasha
  4042 | D:3      | Killed Natasha
  4453 | D:4      | Noticed Robin
  4462 | D:4      | Reached skill level 4 in Unarmed Combat
  4491 | D:4      | Killed Robin
  4772 | D:4      | Noticed an ogre
  4783 | D:4      | Killed an ogre
  4997 | D:4      | Reached skill level 5 in Unarmed Combat
  4997 | D:4      | Reached XP level 6. HP: 32/50 MP: 11/11
  5108 | D:4      | Learned a level 3 spell: Spider Form
  5113 | D:4      | Learned a level 4 spell: Ice Form
  5128 | D:4      | Noticed an ogre
  5140 | D:4      | Killed an ogre
  5594 | D:4      | Killed from afar by an orc priest

Action                   |  1- 3 |  4- 6 || total
-------------------------+-------+-------++-------
Melee: Unarmed           |   244 |   216 ||   460
 Cast: Beastly Appendage |     6 |    11 ||    17
Evoke: Wand              |       |     1 ||     1
  Use: Scroll            |     3 |       ||     3
  Eat: Chunk             |     1 |     9 ||    10
       Meat ration       |     1 |       ||     1
